 Dungeon Crawl Stone Soup version 0.31-a0-240-gb923e448b6 (webtiles) character file.

Game seed: 17477909662890417463

291 qw the Shooter (level 6, -1/52 HPs)
             Began as a Minotaur Hexslinger on July 11, 2023.
             Killed from afar by Ijyb (21 damage)
             ... with a bolt of light
             ... on level 4 of the Dungeon.
             The game lasted 00:01:03 (2323 turns).

qw the Shooter (Minotaur Hexslinger)                Turns: 2323, Time: 00:01:04

Health: -1/52      AC:  7    Str: 13    XL:     6   Next: 10%
Magic:  6/6        EV: 11    Int:  8    God:
Gold:   182        SH:  0    Dex: 14    Spells: 6/7 levels left

rFire   + . .        Y - +2 sling
rCold   + . .        (no shield)
rNeg    . . .        b - +0 ring mail
rPois   .            (helmet restricted)
rElec   .            (no cloak)
rCorr   .            j - +0 pair of gloves
SInv    .            g - +0 pair of boots
Will    .....        (no amulet)
Stlth   +            c - ring of protection from fire
HPRegen 0.28/turn    (no ring)
MPRegen 0.10/turn

%: clarity
@: no status effects
A: horns 2, retaliatory headbutt, clarity, cold resistance 1, dopey 1, screaming
1
a: no special abilities


You were on level 4 of the Dungeon.
You visited 1 branch of the dungeon, and saw 4 of its levels.

You collected 182 gold pieces.


Innate Abilities, Weirdness & Mutations

You have a pair of horns on your head.
You reflexively headbutt those who attack you in melee.
You possess an exceptional clarity of mind.
Your flesh is cold resistant. (rC+)
You are dopey. (Int -2)
You occasionally shout uncontrollably at your foes.


   Skills:
 - Level 4.2 Fighting
 + Level 5.8 Ranged Weapons
 - Level 1.0 Armour
 - Level 2.1 Dodging
 - Level 1.0 Spellcasting
 - Level 2.0 Hexes


You had 6 spell levels left.
You knew the following spells:

 Your Spells              Type           Power      Damage    Failure   Level
a - Slow                  Hex            12%        N/A       36%         1

Your spell library contained the following spells:

 Spells                   Type           Power      Damage    Failure   Level
 Inner Flame              Hex/Fire       2%         N/A       86%         3
 Portal Projectile        Hex/Tloc       4%         N/A       86%         3
 Cause Fear               Hex            1%         N/A       98%         4

Inventory:

Hand Weapons
 Y - a +2 sling (weapon)
Armour
 b - a +0 ring mail (worn)
 g - a +0 pair of boots (worn)
 j - a +0 pair of gloves (worn)
Jewellery
 c - a ring of protection from fire (left hand)
 d - an amulet of regeneration
Scrolls
 a - 2 scrolls of identify
 l - a scroll of silence {unknown}
Potions
 e - a potion of cancellation
 f - a potion of magic {unknown}
 h - 2 potions of mutation
 i - a potion of invisibility {unknown}
 k - a potion of enlightenment {unknown}

Dungeon Overview and Level Annotations

Branches:
Dungeon (4/15)
 Temple: D:4-7

Altars:
Trog

Annotations:
D:4 Ijyb


Message History

You shoot a sling bullet. The sling bullet hits the ball python.
The ball python is heavily wounded.
You shoot a sling bullet.
The sling bullet closely misses the ball python.
You shoot a sling bullet. The sling bullet hits the ball python.
You kill the ball python!
You now have 182 gold pieces (gained 16).
Ijyb the Twisted Goblin comes into view.
She is wielding a +2 dagger of speed and carrying a wand of light (7).
Found a scroll labelled SEOSAH DAXOGI and a short sword.
Ijyb shouts!
Enter note:
Enter note:
Enter note:
Enter note:
Enter note:
Enter note:
Enter note:
Enter note:
Enter note:
Enter note:
Enter note:
Enter note:
Enter note:
Enter note:
Enter note: You shoot a sling bullet.
The sling bullet hits Ijyb.
Ijyb is lightly wounded.
You shoot a sling bullet.
The sling bullet completely misses Ijyb.
Ijyb zaps a wand.
The bolt of light hits you!!
You shoot a sling bullet. The sling bullet barely misses Ijyb.
You shoot a sling bullet.
The sling bullet hits Ijyb but does no damage.
Ijyb is lightly wounded.
Ijyb zaps a wand.
The bolt of light hits you!
You feel momentarily confused.
You shoot a sling bullet.
The sling bullet hits Ijyb but does no damage.
Ijyb is lightly wounded.
Ijyb zaps a wand.
The bolt of light hits you!!
You die...

.....#.#
.............##..#
.....###
..................#
.....#
<....................
.......
......................
.......
............##...#..###
.......
...................#
.......
#..................#
......
#........##.........
...... .......@.#
......... ......
.......g.# ##.#....
...... ........## ##.#
.##... ......... ......
......... ......
...##..... ...... ?.#
!..... #..... ..
...##).. ...##


You could see Ijyb.

Vanquished Creatures
  A black bear (D:4)
  3 iguanas
  5 adders
  3 worms
  2 dart slugs
  9 bats
  8 endoplasms
  5 giant cockroaches
  6 goblins
  A hobgoblin (D:3)
  2 jackals (D:3)
  7 kobolds
  3 quokkas
  8 ball pythons
  2 frilled lizards
  4 rats
69 creatures vanquished.

Notes
Turn   | Place    | Note
-------+----------+-------------------------------------------
     0 | D:1      | qw the Minotaur Hexslinger began the quest for the Orb.
     0 | D:1      | Reached XP level 1. HP: 16/16 MP: 1/1
     0 | D:1      | 0 ||| qw: Version: 0.3-a-52-g30416fa
     0 | D:1      | 0 ||| qw: Game counter: 6079
     0 | D:1      | 0 ||| qw: Melee chars always use a shield: true
     0 | D:1      | 0 ||| qw: God list: Okawaru
     0 | D:1      | 0 ||| qw: Allow faded altars: false
     0 | D:1      | 0 ||| qw: Do Orc after clearing Dungeon:15 true
     0 | D:1      | 0 ||| qw: Do second Lair branch before Depths: true
     0 | D:1      | 0 ||| qw: Lair rune preference: random
     0 | D:1      | 0 ||| qw: Goals: Normal
     0 | D:1      | 0 ||| PLANNING D:1-11
    33 | D:1      | Found a faded altar of an unknown god.
   229 | D:1      | Reached skill level 3 in Ranged Weapons
   229 | D:1      | Reached XP level 2. HP: 22/23 MP: 2/2
   577 | D:1      | 577 ||| UPGRADING to +0 leather armour.
   587 | D:1      | 587 ||| DROPPING +0 robe.
   588 | D:1      | 588 ||| UPGRADING to +0 pair of gloves.
   593 | D:1      | 593 ||| READING scroll labelled JIFOTI DEAM.
   594 | D:1      | 594 ||| READING scroll labelled BOEJOM MOENN.
   595 | D:1      | 595 ||| READING scroll labelled VOFUTE BO TESM.
   596 | D:1      | 596 ||| DRINKING 3 sedimented ruby potions.
   596 | D:1      | Gained mutation: You occasionally shout uncontrollably at
                  | your foes. [potion of mutation]
   596 | D:1      | Gained mutation: Your flesh is cold resistant. (rC+)
                  | [potion of mutation]
   596 | D:1      | Gained mutation: You are dopey. (Int -2) [potion of
                  | mutation]
   596 | D:1      | Gained mutation: You possess an exceptional clarity of
                  | mind. [potion of mutation]
   597 | D:1      | 597 ||| DROPPING scroll of poison.
   632 | D:2      | Reached XP level 3. HP: 20/29 MP: 3/3
   636 | D:2      | 636 ||| FLEEEEING.
   637 | D:2      | 637 ||| FLEEEEING.
   638 | D:2      | 638 ||| FLEEEEING.
   639 | D:2      | 639 ||| FLEEEEING.
   640 | D:2      | 640 ||| STAIRDANCE
   700 | D:2      | Reached skill level 4 in Ranged Weapons
  1004 | D:2      | 1004 ||| UPGRADING to +0 ring mail.
  1014 | D:2      | 1014 ||| DROPPING +0 leather armour.
  1015 | D:2      | 1015 ||| UPGRADING to +0 pair of boots.
  1020 | D:2      | 1020 ||| UPGRADING to ring of protection from fire.
  1021 | D:2      | 1021 ||| READING scroll labelled WUTHRI DUJUG.
  1022 | D:2      | 1022 ||| READING 2 scrolls of identify.
  1022 | D:2      | 1022 ||| IDENTIFYING smoky coppery potion
  1086 | D:3      | Reached skill level 1 in Armour
  1086 | D:3      | Reached XP level 4. HP: 36/36 MP: 4/4
  1091 | D:3      | 1091 ||| Stepping ~*~*~tactically~*~*~ (outnumbered).
  1092 | D:3      | 1092 ||| Stepping ~*~*~tactically~*~*~ (outnumbered).
  1325 | D:3      | Found a bloodstained altar of Trog.
  1506 | D:3      | Reached skill level 5 in Ranged Weapons
  1655 | D:3      | 1655 ||| READING scroll labelled SAHICR DIGOSHO.
  1869 | D:4      | Noticed a black bear
  1875 | D:4      | Killed a black bear
  1876 | D:4      | Reached XP level 5. HP: 34/46 MP: 5/5
  2191 | D:4      | Reached XP level 6. HP: 20/52 MP: 6/6
  2318 | D:4      | Noticed Ijyb
  2323 | D:4      | Killed from afar by Ijyb

Levels and vault maps discovered:
D:1:      eino_arrival_tree_alley, layout_loops_cross,
          ebering_ecumenical_altar_sacrificial
D:2:      layout_basic, kennysheep_nondescript
D:3:      layout_basic, mainiacjoe_overflow_chevrons
D:4:      layout_cave_pools, uniq_ijyb

Skill      XL: |  1  2  3  4 |
---------------+-------------+-----
Ranged Weapons | 3 4 5 |  5.8
Fighting       | 2 4 |  4.2
Armour         | 1 |  1.0
Dodging        | |  2.1
Spellcasting   | |  1.0
Hexes          | |  2.0

Action                     |  1- 3 |  4- 6 || total
---------------------------+-------+-------++-------
   Fire: Sling             |   109 |   122 ||   231
    Use: Scroll            |     5 |     1 ||     6
         Potion            |     1 |       ||     1
 Armour: Robe              |     4 |       ||     4
         Leather armour    |     5 |       ||     5
         Ring mail         |     3 |    20 ||    23
  Dodge: Dodged            |    28 |    26 ||    54

Table legend:
 A = Non-vault XP
 B = Vault XP
 C = Vault XP percentage of total XP
 D = Non-vault monster count
 E = Vault monster count
 F = Vault count percentage of total count
                 A         B        C        D         E       F
            +---------+---------+-------+---------+---------+-------
      Total |     417 |       0 |   0.0 |      69 |       0 |   0.0
            +---------+---------+-------+---------+---------+-------
        D:1 |      28 |       0 |   0.0 |      17 |       0 |   0.0
        D:2 |      58 |       0 |   0.0 |      18 |       0 |   0.0
        D:3 |      85 |       0 |   0.0 |      18 |       0 |   0.0
        D:4 |     246 |       0 |   0.0 |      16 |       0 |   0.0
            +---------+---------+-------+---------+---------+-------
